 Dungeon Crawl Stone Soup version 0.29.1-14-g9c671dbff4 (webtiles) character file.

Game seed: 8299078325182623537

254 fleeber the Slasher (level 6, -4/48 HPs)
             Began as a Merfolk Gladiator on Feb 20, 2023.
             Was an Initiate of Okawaru.
             Slain by a gnoll
             ... wielding a +0 halberd
              (11 damage)
             ... on level 4 of the Dungeon.
             The game lasted 00:05:45 (2934 turns).

fleeber the Slasher (Merfolk Gladiator)             Turns: 2934, Time: 00:05:45

Health: -4/48      AC:  4    Str: 14    XL:     6   Next: 14%
Magic:  6/6        EV: 14    Int:  8    God:    Okawaru [......]
Gold:   224        SH:  0    Dex: 17    Spells: 5/5 levels left

rFire   + . .      SeeInvis .   a - +0 long sword
rCold   . . .      Faith    .   (no shield)
rNeg    . . .      Spirit   .   b - +0 leather armour
rPois   .          Reflect  .   c - +0 helmet
rElec   .          Harm     .   (no cloak)
rCorr   .          Rampage  .   (no gloves)
Will    .....                   (no boots)
Stlth   +.........              (no amulet)
HPRegen 0.16/turn               s - ring of protection from fire
MPRegen 0.10/turn               (no ring)

@: lethally poisoned (-4 -> -6), attractive
A: (nimble swimmer 2), mertail
a: Renounce Religion


You were on level 4 of the Dungeon.
You worshipped Okawaru.
Okawaru was noncommittal.
You visited 1 branch of the dungeon, and saw 4 of its levels.

You collected 224 gold pieces.

Inventory:

Hand Weapons
 a - a +0 long sword (weapon)
Missiles
 d - 3 throwing nets
 e - a javelin
 m - 5 poisoned darts (quivered)
Armour
 b - a +0 leather armour (worn)
 c - a +0 helmet (worn)
Jewellery
 s - a ring of protection from fire (left hand)
Scrolls
 g - a scroll of poison
 i - a scroll of identify
 n - 2 scrolls of fog
 q - a scroll of blinking {unknown}
Potions
 h - a potion of attraction
 j - a potion of resistance {unknown}
 k - a potion of heal wounds {unknown}
 o - a potion of berserk rage {unknown}
 p - 2 potions of cancellation {unknown}
 r - a potion of curing {unknown}


   Skills:
 + Level 3.8 Fighting
 * Level 6.2 Long Blades
 - Level 2.0 Throwing
 + Level 5.5 Dodging


You had 5 spell levels left.
You didn't know any spells.
Your spell library contained the following spells:

 Spells                   Type           Power      Damage    Failure   Level
 Blink                    Tloc           0%         N/A       63%         2
 Static Discharge         Conj/Air       0%         3-3/arc   63%         2
 Lesser Beckoning         Tloc           0%         N/A       86%         3
 Lightning Bolt           Conj/Air       0%         1d11      100%        5
 Manifold Assault         Tloc           0%         N/A       100%        5
 Maxwell's Capacitive Co  Air            0%         ∞         100%        8


Dungeon Overview and Level Annotations

Branches:
Dungeon (4/15)
 Temple: D:4-7

Altars:
Cheibriados
Nemelex Xobeh
Okawaru
Sif Muna

Shops:
D:4 ?


Innate Abilities, Weirdness & Mutations

((You are very nimble when in or above water. (Stealth+, EV+, Speed+++)))
Your lower body shifts to a powerful aquatic tail in water.


Message History

You closely miss the scorpion.
The scorpion is heavily wounded.
You feel sick.
The scorpion stings you but does no damage.
The gnoll misses you. The scorpion stings you.
You completely miss the scorpion.
The scorpion is heavily wounded.
You feel sick. The scorpion barely misses you.
The gnoll hits you but does no damage.
The gnoll shouts!
You hit the scorpion.
The scorpion is severely wounded.
You feel sick. The scorpion stings you.
You are more poisoned.
The scorpion poisons you! The gnoll misses you.
You hit the scorpion but do no damage.
The scorpion is severely wounded.
You feel sick. The scorpion barely misses you. The gnoll closely misses you.
The scorpion stings you but does no damage.
You hit the scorpion but do no damage.
The scorpion is severely wounded.
You feel sick.
The gnoll hits you from afar with a +0 halberd.
The scorpion closely misses you.
You closely miss the scorpion.
The scorpion is severely wounded.
You feel sick.
The gnoll hits you from afar with a +0 halberd!
* * * LOW HITPOINT WARNING * * *
The scorpion barely misses you.
Okay, then.
It was a potion of attraction.
You feel attractive to monsters.
You feel sick. The scorpion closely misses you. The gnoll misses you.
The goblin is attracted toward you.
You closely miss the scorpion.
The scorpion is severely wounded.
You feel sick. The scorpion closely misses you.
The gnoll hits you from afar with a +0 halberd!
You die...

....w.... ... ##. #.......#
....... . ..##..###.......#
#.....# #. ................#
#.....# #.. ._.###.........#
##.....###... ...#...........#
.#...........#.##.##.#....<....#
.>.g.<.g.....#.......#....###†##
.#.∩....#.#§g####.####....# #.#
#...g....#..ggs@.........###.###
.............####.####...##......
######.#..... ..... #...........
.##....#.##.##.#........... .#
##... ... ....##...... .. .$ ._.
##..###...... # ..... ..##
####### .#... #.#


You could see a scorpion, 2 gnolls and a goblin.

Vanquished Creatures
  A necrophage (D:4)
  A scorpion (D:4)
  An iguana (D:3)
  A gnoll (D:3)
  3 adders
  An ufetubus (D:4)
  5 dart slugs
  5 endoplasms
  2 giant cockroaches
  6 goblins
  4 hobgoblins
  2 jackals (D:1)
  3 kobolds
  5 quokkas
  4 ball pythons
  7 bats
  4 frilled lizards
  4 rats
59 creatures vanquished.

Notes
Turn   | Place    | Note
-------+----------+-------------------------------------------
     0 | D:1      | fleeber the Merfolk Gladiator began the quest for the Orb.
     0 | D:1      | Reached XP level 1. HP: 16/16 MP: 1/1
   104 | D:1      | Reached skill level 4 in Long Blades
   104 | D:1      | Reached XP level 2. HP: 22/23 MP: 2/2
   650 | D:1      | Found a faded altar of an unknown god.
   668 | D:1      | Reached XP level 3. HP: 28/28 MP: 3/3
  1573 | D:2      | Identified the +5 mace of the Inviting Bear {flame, Int+4}
  1690 | D:2      | Reached XP level 4. HP: 31/35 MP: 4/4
  2132 | D:3      | Reached skill level 5 in Long Blades
  2435 | D:3      | Found an iron altar of Okawaru.
  2479 | D:3      | Became a worshipper of Warmaster Okawaru
  2547 | D:3      | Reached skill level 5 in Dodging
  2632 | D:3      | Reached XP level 5. HP: 41/41 MP: 5/5
  2823 | D:4      | Found Luehadus's Magic Scroll Shop.
  2823 | D:4      | Found a snail-covered altar of Cheibriados.
  2916 | D:4      | Found a sparkling altar of Nemelex Xobeh.
  2916 | D:4      | Found a shimmering blue altar of Sif Muna.
  2920 | D:4      | Reached skill level 6 in Long Blades
  2920 | D:4      | Reached XP level 6. HP: 48/48 MP: 6/6
  2934 | D:4      | Slain by a gnoll

Illustrated notes

Levels and vault maps discovered:
D:1:      minmay_arrival_plants_in_alcoves, layout_basic,
          shapermc_ecumenical_altar_ellora
D:2:      layout_loops_corners
D:3:      layout_rooms, mainiacjoe_overflow_brackets
D:4:      layout_rooms, mainiacjoe_overflow_alcove_2, slow_altar_1,
          mainiacjoe_overflow_large_starburst, serial_shops, shop, shop, shop,
          nicolae_shop_bloodbath_and_beyond, minmay_misc_feat_room

Skill      XL: |  1  2  3  4  5 |
---------------+----------------+-----
Long Blades    | 4 5 6 |  6.2
Fighting       | 3 |  3.8
Dodging        | 5 |  5.5
Throwing       | |  2.0

Action                   |  1- 3 |  4- 6 || total
-------------------------+-------+-------++-------
Melee: Long sword        |    87 |    83 ||   170
       Punch             |     1 |       ||     1
  Use: Scroll            |       |     4 ||     4
       Potion            |       |     1 ||     1
 Stab: Sleeping          |     2 |     1 ||     3
Armor: Leather armour    |    22 |    17 ||    39
Dodge: Dodged            |    60 |    79 ||   139
